 Dungeon Crawl Stone Soup version 0.27-a0-550-ge92ec0ca06 (webtiles) character file.

Game seed: 2896943800778056160

5 jasper the Caller (level 1, -1/13 HPs)
             Began as a Mummy Summoner on Mar 7, 2021.
             Slain by a quokka (2 damage)
             ... on level 2 of the Dungeon.
             The game lasted 00:00:52 (270 turns).

jasper the Caller (Mummy Summoner)                   Turns: 270, Time: 00:00:53

Health: -1/13      AC:  2    Str: 11    XL:     1   Next: 66%
Magic:  0/4        EV: 12    Int: 14    God:
Gold:   10         SH:  0    Dex: 12    Spells: 4/5 levels left

rFire    x . .     SeeInvis .   (no weapon)
rCold    + . .     Faith    .   (no shield)
rNeg     + + +     Spirit   .   a - +0 robe
rPois    ∞         Reflect  .   (no helmet)
rElec    .         Harm     .   (no cloak)
rCorr    .         Rampage  .   (no gloves)
Will     .....                  (no boots)
Stlth    ++........             (no amulet)
HPRegen  0.04/turn              (no ring)
MPRegen  0.09/turn              (no ring)

@: no status effects
A: cold resistance 1, negative energy resistance 3, torment resistance 2,
unbreathing 1, heat vulnerability 1, no potions
a: no special abilities


You were on level 2 of the Dungeon.
You visited 1 branch of the dungeon, and saw 2 of its levels.

You collected 10 gold pieces.

Inventory:

Missiles
 b - 3 stones
Armour
 a - a +0 robe (worn)


   Skills:
 - Level 1.5 Dodging
 - Level 1.5 Stealth
 - Level 2.6 Spellcasting
 + Level 3.5 Summonings


You had 4 spell levels left.
You knew the following spells:

 Your Spells              Type           Power      Damage    Failure   Level
a - Summon Small Mammal   Summ           44%        N/A       5%          1

Your spell library contained the following spells:

 Spells                   Type           Power      Damage    Failure   Level
 Call Imp                 Summ           11%        N/A       8%          2
 Call Canine Familiar     Summ           11%        N/A       16%         3
 Summon Guardian Golem    Hex/Summ       6%         N/A       32%         3
 Summon Ice Beast         Ice/Summ       6%         N/A       71%         4
 Summon Lightning Spire   Summ/Air       6%         N/A       71%         4


Dungeon Overview and Level Annotations

Branches:
Dungeon (2/15)

Altars:


Innate Abilities, Weirdness & Mutations

You are immune to poison.
Your flesh is cold resistant. (rC+)
You are immune to negative energy. (rN+++)
You are immune to unholy pain and torment.
You can survive without breathing.
You are vulnerable to heat. (rF-)
You do not drink.


Message History

Casting: Summon Small Mammal (safe; 5% risk of failure)
Press: ? - help, Q - select action, (/) - cycle Dir - look around, f - activate The jackal barely misses you.
You now have 0/4 mp.
A frilled lizard comes into view.
The frilled lizard hisses angrily.
The jackal bites you but does no damage.
Your quokka bites the jackal.
A bat comes into view.
The jackal completely misses you.
Your quokka bites the jackal.
The jackal dies!
The bat hits you but does no damage.
Your quokka barely misses the jackal.
The bat barely misses you. The bat hits you but does no damage.
The bat closely misses you. The bat misses you.
There is a stone staircase leading down here.
The bat closely misses you.
Your quokka bites the frilled lizard.
The frilled lizard dies!
You climb downwards.
A quokka comes into view.
Found a scroll labelled HIVIETU PITT.
There is a stone staircase leading up here.
The helpless quokka fails to defend itself.
You hit the quokka.
The quokka is moderately wounded.
The quokka bites you.
You take 1 damage, and have 6/13 hp.
You hit the quokka but do no damage.
The quokka is moderately wounded.
The quokka misses you.
You barely miss the quokka.
The quokka is moderately wounded.
The quokka bites you.
* * * LOW HITPOINT WARNING * * *
You take 5 damage, and have 1/13 hp.
MASSIVE DAMAGE!!
Casting: Summon Small Mammal (safe; 5% risk of failure)
Press: ? - help, Q - select action, (/) - cycle Dir - look around, f - activate The quokka bites you.
You die...

#............#
#.....?......#
#............#
#............#
#............#
#............#
#............#
#......<@rr..#
#............#
#............#
##...#########
#... #.. ##


You could see a quokka (ally target) and a friendly rat (summoned).

Vanquished Creatures (collateral kills)
  A leopard gecko (D:1)
  A giant cockroach (D:1)
  2 jackals (D:1)
  A kobold (D:1)
  A bat (D:1)
  A frilled lizard (D:1)
7 creatures vanquished.

Notes
Turn   | Place    | Note
-------+----------+-------------------------------------------
     0 | D:1      | jasper the Mummy Summoner began the quest for the Orb.
     0 | D:1      | Reached XP level 1. HP: 13/13 MP: 4/4
   270 | D:2      | Slain by a quokka

Illustrated notes

Levels and vault maps discovered:
D:1:      dpeg_arrival_shrine, layout_rooms
D:2:      layout_basic, lemuel_blue_sif_altar

Action                   || total
-------------------------++-------
Melee: Unarmed           ||    12
 Cast: Summon Small Mamm ||    22
 Stab: Sleeping          ||     1
Armor: Robe              ||    12
Dodge: Dodged            ||    16

Table legend: (Time is in decaauts)
 A = Elapsed time spent in this place.
 B = Non-inter-level travel time spent in this place.
 C = Inter-level travel time spent in this place.
 D = Time resting spent in this place.
 E = Time spent auto-exploring this place.
 F = Levels seen in this place.
 G = Mean time per level.
                   A        B        C        D        E       F      G
               +--------+--------+--------+--------+--------+-----+--------+
         Total |    270 |    270 |      0 |      0 |    155 |   2 |  135.0 |
       Dungeon |    270 |    270 |      0 |      0 |    155 |   2 |  135.0 |
               +--------+--------+--------+--------+--------+-----+--------+

Top non-repeatable levels by time:
     D:1: 265 daAuts
     D:2: 4 daAuts
